VANCOUVER vs ANAHEIM

Created - January 19, 2021 at 06:51

Goals
1 2 3 OT1 SO T
VANCOUVER 2 1 1 0 2 5
ANAHEIM 2 0 2 0 1 4
Shots
1 2 3 OT1 SO T
VANCOUVER 11 8 6 1 4 26
ANAHEIM 13 10 11 4 4 38

1st period

1. ANAHEIM , Connor McDavid 5 (Jason Zucker 3, Joel Edmundson 5) at 0:22
2. VANCOUVER , Nikolaj Ehlers 2 (Nazem Kadri 4, Zach Parise 2) at 7:32 (PP)
3. ANAHEIM , Zach Sanford 2 (Evgeny Kuznetsov 3, Mike Green 4) at 10:27
4. VANCOUVER , Erik Johnson 1 (Zach Parise 3) at 18:25

Penalties :
Pierre-Luc Dubois (ANA) for Hooking (Minor) at 7:12, Erik Johnson (VAN) for Cross-checking (Minor) at 18:36

2nd period

5. VANCOUVER , Ryan Ellis 2 (Tyler Seguin 3, Jonathan Huberdeau 5) at 4:17 (PP)

Penalties :
Zach Sanford (ANA) for Hooking (Minor) at 3:49

3rd period

6. VANCOUVER , Erik Johnson 2 (Melker Karlsson 1, Ryan Ellis 8) at 18:42
7. ANAHEIM , Zach Sanford 3 (Evgeny Kuznetsov 4) at 18:46
8. ANAHEIM , Connor McDavid 6 (Jason Zucker 4, Patric Hornqvist 6) at 19:07

Penalties :
Nazem Kadri (VAN) for Goalie Interference (Minor) at 4:56, Sami Vatanen (VAN) for High sticking (Minor) at 7:18, Hampus Lindholm (VAN) for Tripping (Minor) at 12:18, Trevor van Riemsdyk (ANA) for Holding Stick (Minor) at 19:46

Overtime #1

No Goal

Penalties :
No Penalty

Shootout

VANCOUVER, Mark Stone - Stopped by Cam Talbot
ANAHEIM, Connor McDavid - Goal!
VANCOUVER, Tyler Seguin - Goal!
ANAHEIM, Evgeny Kuznetsov - Shot Misses the Net
VANCOUVER, Jonathan Huberdeau - Stopped by Cam Talbot
ANAHEIM, Pierre-Luc Dubois - Stopped by Petr Mrazek
VANCOUVER, Zach Parise - Goal!
ANAHEIM, Jason Zucker - Stopped by Petr Mrazek

Penalties :
No Penalty

Goalie Stats

Petr Mrazek (VAN), 34 saves from 38 shots - (0.895), W, 2-6-2, 65:00 minutes
Cam Talbot (ANA), 22 saves from 26 shots - (0.846), OTL, 3-3-4, 64:54 minutes

Players Stats for VANCOUVER

Player Name              G  A  P  +/- PIM S  H  SB GA TA FO     MP     PP MP  PK MP  
------------------------------------------------------------------------------------
Alex Steen               0  0  0   0  0   2  1  0  0  0  1/3    18:26   0:00   4:50 
Erik Johnson             2  0  2  -1  2   2  2  1  0  0  0/0    25:48   0:41   3:00 
Hampus Lindholm          0  0  0   0  2   1  3  1  0  0  0/0    21:20   0:20   2:18 
Jonathan Huberdeau       0  1  1  -1  0   2  0  0  0  0  1/4    21:16   0:41   1:16 
Luca Sbisa               0  0  0  -1  0   0  1  0  0  0  0/0    15:27   0:00   0:15 
Mark Stone               0  0  0  -1  0   3  0  0  0  0  1/2    18:54   0:41   0:00 
Melker Karlsson          0  1  1   0  0   0  0  0  0  0  2/2    11:41   0:00   0:00 
Nazem Kadri              0  1  1  -1  2   2  2  0  0  0  21/37  21:47   0:20   3:57 
Nick Schmaltz            0  0  0   0  0   1  1  0  0  0  2/14   14:33   0:00   1:01 
Nikolaj Ehlers           1  0  1  -1  0   5  0  0  0  0  1/2    17:26   0:20   0:00 
Ryan Ellis               1  1  2  -1  0   2  2  2  0  0  0/0    25:13   0:41   4:19 
Sami Vatanen             0  0  0   0  2   1  2  2  0  0  0/0    21:28   0:20   2:26 
Sheldon Dries            0  0  0   0  0   0  0  0  0  0  2/7     7:26   0:00   1:45 
TJ Brodie                0  0  0  -1  0   1  0  1  0  0  0/0    17:27   0:00   3:34 
Trevor Moore             0  0  0   0  0   0  0  0  0  0  1/1     4:23   0:00   0:00 
Troy Brouwer             0  0  0   0  0   0  1  0  0  0  1/2     7:00   0:00   1:18 
Tyler Seguin             0  1  1  -1  0   0  2  0  0  0  13/24  20:00   0:41   0:00 
Zach Parise              0  2  2  -1  0   4  0  0  0  0  1/2    19:11   0:20   1:45 

Players Stats for ANAHEIM

Player Name              G  A  P  +/- PIM S  H  SB GA TA FO     MP     PP MP  PK MP  
------------------------------------------------------------------------------------
Andreas Athanasiou       0  0  0   2  0   1  0  0  0  0  1/2    22:01   4:11   0:00 
Andrew Shaw              0  0  0   0  0   0  0  0  0  0  0/0     0:08   0:03   0:00 
Anton Stralman           0  0  0   3  0   4  0  1  0  0  0/0    26:15   4:00   1:05 
C.J. Smith               0  0  0   0  0   0  0  0  0  0  0/0     2:55   0:00   0:00 
Casey Nelson             0  0  0   0  0   0  0  2  0  0  0/0    16:43   0:03   1:04 
Chris Wagner             0  0  0   0  0   0  0  0  0  0  1/3     2:01   0:03   0:00 
Connor McDavid           2  0  2   2  0   10 3  0  0  0  20/32  25:59   3:42   2:24 
Evgeny Kuznetsov         0  2  2   2  0   3  3  0  0  0  14/29  22:43   4:11   1:24 
Jake McCabe              0  0  0  -1  0   3  3  2  0  0  0/0    21:50   3:53   1:42 
Jason Zucker             0  2  2   2  0   3  2  0  0  0  0/2    20:40   3:42   0:00 
Joel Edmundson           0  1  1   3  0   1  4  0  0  0  0/0    24:17   4:00   1:05 
Michael Frolik           0  0  0  -2  0   4  1  0  0  0  0/0    16:37   0:03   0:00 
Mike Green               0  1  1   0  0   2  2  1  0  0  0/0    16:55   0:03   0:00 
Nate Thompson            0  0  0  -2  0   2  2  1  0  0  5/5    18:08   0:00   0:00 
Patric Hornqvist         0  1  1   2  0   1  3  0  0  0  0/1    20:40   3:42   0:00 
Pierre-Luc Dubois        0  0  0  -2  2   0  2  1  0  0  11/25  15:17   0:00   0:00 
Trevor van Riemsdyk      0  0  0  -1  2   2  0  3  0  0  0/0    20:45   3:53   0:38 
Zach Sanford             2  0  2   2  2   2  1  1  0  0  1/1    20:02   4:11   0:00 

3 Stars

1 - Connor McDavid (ANA)
2 - Zach Sanford (ANA)
3 - Evgeny Kuznetsov (ANA)

Power Play

VANCOUVER - 2 on 3 Attempt(s) - 66.67%
ANAHEIM - 0 on 4 Attempt(s) - 0.00%

Penalty Kill

VANCOUVER - 4 on 4 Attempt(s) - 100.00% - Score 0 goal in Penalty Kill
ANAHEIM - 1 on 3 Attempt(s) - 33.33% - Score 0 goal in Penalty Kill

Team Stat

VANCOUVER - Hits : 17 - Faceoff Wins : 47 - Blocked Shots : 7 - Penalty Minutes : 8
ANAHEIM - Hits : 26 - Faceoff Wins : 53 - Blocked Shots : 12 - Penalty Minutes : 6

Official

Referees : Frederick L'Ecuyer and TJ Luxmore
Linesman : Steve Miller and James Tobias

Game Notes

No Game Note

Finance

Level 1 -- Attendance: 5649 (94.15%) -- Ticket Income $502,761
Level 2 -- Attendance: 4921 (98.42%) -- Ticket Income $265,734
Level 3 -- Attendance: 2000 (100.00%) -- Ticket Income $56,000
Level 4 -- Attendance: 3086 (77.15%) -- Ticket Income $64,806
Luxury Box -- Attendance: 800 (80.00%) -- Ticket Income $148,800
Game was played at the Honda Center.
Total Attendance: 16456 (91.42%)
Total Ticket Income: $1,038,101
Total Income: $1,038,101

VANCOUVER

5 vs 5 Forward 
   Center                   Left Wing                Right Wing               Time % Phy DF OF 
 1 Tyler Seguin             Jonathan Huberdeau       Mark Stone               38     1   2  2  
 2 Nazem Kadri              Zach Parise              Nikolaj Ehlers           37     1   2  2  
 3 Nick Schmaltz            Alex Steen               Melker Karlsson          25     1   2  2  
 4 Sheldon Dries            Trevor Moore             Troy Brouwer             0      1   3  1  

5 vs 5 Defense 
   Defense                  Defense                                           Time % Phy DF OF 
 1 Ryan Ellis               Erik Johnson                                      40     1   2  2  
 2 Hampus Lindholm          Sami Vatanen                                      35     1   2  2  
 3 TJ Brodie                Luca Sbisa                                        25     1   3  1  
 4 Ryan Ellis               Erik Johnson                                      0      1   2  2  

PowerPlay Forward 
   Center                   Left Wing                Right Wing               Time % Phy DF OF 
 1 Tyler Seguin             Jonathan Huberdeau       Mark Stone               60     1   1  3  
 2 Nazem Kadri              Zach Parise              Nikolaj Ehlers           40     1   1  3  

PowerPlay Defense
   Defense                  Defense                                           Time % Phy DF OF 
 1 Ryan Ellis               Erik Johnson                                      60     1   1  3  
 2 Hampus Lindholm          Sami Vatanen                                      40     1   1  3  

Penalty Kill 4 Players Forward 
   Center                   Wing                     Time % Phy DF OF 
 1 Nazem Kadri              Alex Steen               60     1   4  0  
 2 Sheldon Dries            Zach Parise              40     1   4  0  

Penalty Kill 4 Players Defense
   Defense                  Defense                  Time % Phy DF OF 
 1 Ryan Ellis               Erik Johnson             60     1   4  0  
 2 Hampus Lindholm          Sami Vatanen             40     1   4  0  

Penalty Kill - 3 Players Forward 
   Forward                                           Time % Phy DF OF 
 1 Nazem Kadri                                       60     1   2  2  
 2 Tyler Seguin                                      40     1   2  2  

Penalty Kill - 3 Players Defense
   Defense                  Defense                  Time % Phy DF OF 
 1 Ryan Ellis               Erik Johnson             60     1   2  2  
 2 Hampus Lindholm          Sami Vatanen             40     1   2  2  

4 vs 4 Forward 
   Center                   Wing                     Time % Phy DF OF 
 1 Tyler Seguin             Jonathan Huberdeau       60     1   2  2  
 2 Nazem Kadri              Mark Stone               40     1   2  2  

4 vs 4 Defense
   Defense                  Defense                  Time % Phy DF OF 
 1 Ryan Ellis               Erik Johnson             60     1   2  2  
 2 Hampus Lindholm          Sami Vatanen             40     1   2  2  

Last Minutes Offensive
   Center                   Left Wing                Right Wing               Defense                  Defense                  
   Tyler Seguin             Jonathan Huberdeau       Mark Stone               Ryan Ellis               Sami Vatanen             

Last Minutes Defensive
   Center                   Left Wing                Right Wing               Defense                  Defense                  
   Tyler Seguin             Jonathan Huberdeau       Mark Stone               Ryan Ellis               Erik Johnson             

Goaltenders
Starting : Petr Mrazek              
Backup : Hunter Miska             

Extra Forwards
Normal : Zach Parise, Jonathan Huberdeau, Mark Stone - PP : Nazem Kadri, Tyler Seguin - PK : Jonathan Huberdeau
Extra Defensemen
Normal : TJ Brodie, Ryan Ellis, Hampus Lindholm - PP : TJ Brodie - PK : TJ Brodie, Luca Sbisa
Penalty Shots
Mark Stone, Tyler Seguin, Jonathan Huberdeau, Zach Parise, Nikolaj Ehlers

Scratches
None

ANAHEIM

5 vs 5 Forward 
   Center                   Left Wing                Right Wing               Time % Phy DF OF 
 1 Connor McDavid           Jason Zucker             Patric Hornqvist         35     1   2  2  
 2 Evgeny Kuznetsov         Andreas Athanasiou       Zach Sanford             30     1   2  2  
 3 Pierre-Luc Dubois        Michael Frolik           Nate Thompson            25     1   2  2  
 4 Nate Thompson            C.J. Smith               Connor McDavid           10     1   2  2  

5 vs 5 Defense 
   Defense                  Defense                                           Time % Phy DF OF 
 1 Anton Stralman           Joel Edmundson                                    35     1   2  2  
 2 Jake McCabe              Trevor van Riemsdyk                               30     1   2  2  
 3 Mike Green               Casey Nelson                                      25     1   2  2  
 4 Anton Stralman           Joel Edmundson                                    10     1   2  2  

PowerPlay Forward 
   Center                   Left Wing                Right Wing               Time % Phy DF OF 
 1 Connor McDavid           Jason Zucker             Patric Hornqvist         60     1   2  2  
 2 Evgeny Kuznetsov         Andreas Athanasiou       Zach Sanford             40     1   2  2  

PowerPlay Defense
   Defense                  Defense                                           Time % Phy DF OF 
 1 Anton Stralman           Joel Edmundson                                    60     1   2  2  
 2 Jake McCabe              Trevor van Riemsdyk                               40     1   2  2  

Penalty Kill 4 Players Forward 
   Center                   Wing                     Time % Phy DF OF 
 1 Connor McDavid           Evgeny Kuznetsov         60     1   2  2  
 2 Pierre-Luc Dubois        Jason Zucker             40     1   2  2  

Penalty Kill 4 Players Defense
   Defense                  Defense                  Time % Phy DF OF 
 1 Anton Stralman           Joel Edmundson           60     1   2  2  
 2 Jake McCabe              Trevor van Riemsdyk      40     1   2  2  

Penalty Kill - 3 Players Forward 
   Forward                                           Time % Phy DF OF 
 1 Connor McDavid                                    60     1   2  2  
 2 Evgeny Kuznetsov                                  40     1   2  2  

Penalty Kill - 3 Players Defense
   Defense                  Defense                  Time % Phy DF OF 
 1 Anton Stralman           Joel Edmundson           60     1   2  2  
 2 Jake McCabe              Trevor van Riemsdyk      40     1   2  2  

4 vs 4 Forward 
   Center                   Wing                     Time % Phy DF OF 
 1 Connor McDavid           Evgeny Kuznetsov         60     1   2  2  
 2 Pierre-Luc Dubois        Jason Zucker             40     1   2  2  

4 vs 4 Defense
   Defense                  Defense                  Time % Phy DF OF 
 1 Anton Stralman           Joel Edmundson           60     1   2  2  
 2 Jake McCabe              Trevor van Riemsdyk      40     1   2  2  

Last Minutes Offensive
   Center                   Left Wing                Right Wing               Defense                  Defense                  
   Connor McDavid           Jason Zucker             Patric Hornqvist         Anton Stralman           Joel Edmundson           

Last Minutes Defensive
   Center                   Left Wing                Right Wing               Defense                  Defense                  
   Connor McDavid           Jason Zucker             Patric Hornqvist         Anton Stralman           Joel Edmundson           

Goaltenders
Starting : Cam Talbot               
Backup : Juuse Saros              

Extra Forwards
Normal : Andrew Shaw, Chris Wagner, Michael Frolik - PP : Andrew Shaw, Chris Wagner - PK : Michael Frolik
Extra Defensemen
Normal : Mike Green, Casey Nelson, Jake McCabe - PP : Mike Green - PK : Casey Nelson, Jake McCabe
Penalty Shots
Connor McDavid, Evgeny Kuznetsov, Pierre-Luc Dubois, Jason Zucker, Patric Hornqvist

Scratches
None


% Time on Ice - VANCOUVER

Lines # - Real PCT - Wanted PCT - Time Play
Normal Forward
1 - 35% - 38% - 17:53
2 - 33% - 37% - 17:06
3 - 23% - 25% - 11:41
4 - 9% - 0% - 4:23
Normal Defense
1 - 38% - 40% - 19:26
2 - 35% - 35% - 17:44
3 - 27% - 25% - 13:53
4 - 0% - 0% - 0:00
PP Forward
1 - 67% - 60% - 0:41
2 - 33% - 40% - 0:20
PP Defense
1 - 67% - 60% - 0:41
2 - 33% - 40% - 0:20
PK Forward
1 - 78% - 60% - 6:11
2 - 22% - 40% - 1:45
PK Defense
1 - 54% - 60% - 4:19
2 - 46% - 40% - 3:37
PK3 Forward
1 - 0% - 60%
2 - 0% - 40%
PK3 Defense
1 - 0% - 60%
2 - 0% - 40%
44 Forward
1 - 81% - 60% - 1:26
2 - 19% - 40% - 0:20
44 Defense
1 - 44% - 60% - 0:47
2 - 56% - 40% - 0:59
Last Minute Offensive  - 0:00
Last Minute Defensive  - 0:00
Total
Forward - 61:46
Defense - 61:46

% Time on Ice - ANAHEIM

Lines # - Real PCT - Wanted PCT - Time Play
Normal Forward
1 - 33% - 35% - 16:58
2 - 31% - 30% - 15:52
3 - 30% - 25% - 15:18
4 - 6% - 10% - 2:55
Normal Defense
1 - 32% - 35% - 16:31
2 - 32% - 30% - 16:15
3 - 31% - 25% - 15:36
4 - 5% - 10% - 2:41
PP Forward
1 - 47% - 60% - 3:45
2 - 53% - 40% - 4:11
PP Defense
1 - 51% - 60% - 4:03
2 - 49% - 40% - 3:53
PK Forward
1 - 100% - 60% - 1:01
2 - 0% - 40% - 0:00
PK Defense
1 - 38% - 60% - 0:23
2 - 62% - 40% - 0:38
PK3 Forward
1 - 78% - 60% - 1:23
2 - 22% - 40% - 0:23
PK3 Defense
1 - 40% - 60% - 0:42
2 - 60% - 40% - 1:04
44 Forward
1 - 0% - 60%
2 - 0% - 40%
44 Defense
1 - 0% - 60%
2 - 0% - 40%
Last Minute Offensive  - 0:00
Last Minute Defensive  - 0:00
Total
Forward - 61:46
Defense - 61:46

Play-by-Play

1st period


0:01 of 1st period - Connor McDavid wins face-off versus Tyler Seguin in neutral zone.
0:22 of 1st period - Shot by Connor McDavid.
0:22 of 1st period - Goal by Connor McDavid - VANCOUVER : 0 - ANAHEIM : 1.
0:23 of 1st period - Evgeny Kuznetsov wins face-off versus Nazem Kadri in neutral zone.
0:28 of 1st period - Icing by Sami Vatanen.
0:29 of 1st period - Nikolaj Ehlers wins face-off versus Pierre-Luc Dubois in VANCOUVER zone.
0:29 of 1st period - Nikolaj Ehlers is hit by Michael Frolik.
0:32 of 1st period - Nazem Kadri is hit by Pierre-Luc Dubois and loses puck.
0:39 of 1st period - Shot by Nikolaj Ehlers.
0:39 of 1st period - Shot Blocked by Nate Thompson.
0:41 of 1st period - Shot by Sami Vatanen.
0:41 of 1st period - Stopped by Cam Talbot without a rebound.
0:42 of 1st period - Evgeny Kuznetsov wins face-off versus Nick Schmaltz in ANAHEIM zone.
0:51 of 1st period - Shot by Melker Karlsson.
0:51 of 1st period - Deflect By Nick Schmaltz.
0:51 of 1st period - Shot Blocked by Trevor van Riemsdyk.
0:59 of 1st period - Shot by Alex Steen.
0:59 of 1st period - Shot Blocked by Jake McCabe.
1:01 of 1st period - Shot by Nick Schmaltz.
1:01 of 1st period - Shot Misses the Net.
1:03 of 1st period - Shot by TJ Brodie.
1:03 of 1st period - Stopped by Cam Talbot with a rebound.
1:07 of 1st period - Shot by Nick Schmaltz.
1:07 of 1st period - Shot Misses the Net.
1:11 of 1st period - Shot by Alex Steen.
1:11 of 1st period - Stopped by Cam Talbot without a rebound.
1:12 of 1st period - Nate Thompson wins face-off versus Nazem Kadri in ANAHEIM zone.
1:27 of 1st period - Shot by Nikolaj Ehlers.
1:27 of 1st period - Stopped by Cam Talbot with a rebound.
1:45 of 1st period - Shot by Connor McDavid.
1:45 of 1st period - Shot Misses the Net.
1:47 of 1st period - Shot by Connor McDavid.
1:47 of 1st period - Stopped by Petr Mrazek without a rebound.
1:48 of 1st period - Evgeny Kuznetsov wins face-off versus Tyler Seguin in VANCOUVER zone.
1:51 of 1st period - Shot by Zach Sanford.
1:51 of 1st period - Shot Misses the Net.
2:06 of 1st period - Jonathan Huberdeau is hit by Mike Green and loses puck.
2:49 of 1st period - Shot by Nick Schmaltz.
2:49 of 1st period - Stopped by Cam Talbot without a rebound.
2:50 of 1st period - Connor McDavid wins face-off versus Nazem Kadri in ANAHEIM zone.
3:11 of 1st period - Off-side.
3:12 of 1st period - Pierre-Luc Dubois wins face-off versus Nick Schmaltz in neutral zone.
4:24 of 1st period - Shot by Jonathan Huberdeau.
4:24 of 1st period - Shot Misses the Net.
4:29 of 1st period - Anton Stralman is hit by Tyler Seguin and loses puck.
6:36 of 1st period - Shot by Nate Thompson.
6:36 of 1st period - Stopped by Petr Mrazek without a rebound.
6:37 of 1st period - Connor McDavid wins face-off versus Alex Steen in VANCOUVER zone.
6:45 of 1st period - Off-side.
6:46 of 1st period - Pierre-Luc Dubois wins face-off versus Tyler Seguin in neutral zone.
6:48 of 1st period - Anton Stralman is hit by Ryan Ellis and loses puck.
6:56 of 1st period - Jonathan Huberdeau is hit by Joel Edmundson and loses puck.
7:02 of 1st period - Tyler Seguin is hit by Joel Edmundson.
7:09 of 1st period - Icing by Joel Edmundson.
7:10 of 1st period - Pierre-Luc Dubois wins face-off versus Nazem Kadri in ANAHEIM zone.
7:12 of 1st period - Minor Penalty to Pierre-Luc Dubois for Hooking.
7:13 of 1st period - Nazem Kadri wins face-off versus Connor McDavid in ANAHEIM zone.
7:24 of 1st period - Shot by Sami Vatanen.
7:24 of 1st period - Shot Misses the Net.
7:26 of 1st period - Shot by Hampus Lindholm.
7:26 of 1st period - Stopped by Cam Talbot with a rebound.
7:28 of 1st period - Shot by Hampus Lindholm.
7:28 of 1st period - Shot Blocked by Trevor van Riemsdyk.
7:30 of 1st period - Shot by Zach Parise.
7:30 of 1st period - Shot Misses the Net.
7:32 of 1st period - Shot by Nazem Kadri.
7:32 of 1st period - Deflect By Nikolaj Ehlers.
7:32 of 1st period - Goal by Nikolaj Ehlers - VANCOUVER : 1 - ANAHEIM : 1.
7:33 of 1st period - Tyler Seguin wins face-off versus Connor McDavid in neutral zone.
7:33 of 1st period - Tyler Seguin is hit by Jason Zucker.
7:51 of 1st period - Erik Johnson is hit by Connor McDavid and loses puck.
7:57 of 1st period - Icing by Jonathan Huberdeau.
7:58 of 1st period - Tyler Seguin wins face-off versus Pierre-Luc Dubois in VANCOUVER zone.
7:58 of 1st period - Tyler Seguin is hit by Nate Thompson.
8:46 of 1st period - Trevor van Riemsdyk is hit by Ryan Ellis and loses puck.
8:54 of 1st period - Icing by Tyler Seguin.
8:55 of 1st period - Connor McDavid wins face-off versus Tyler Seguin in VANCOUVER zone.
8:56 of 1st period - Shot by Joel Edmundson.
8:56 of 1st period - Stopped by Petr Mrazek without a rebound.
8:57 of 1st period - Connor McDavid wins face-off versus Zach Parise in VANCOUVER zone.
9:26 of 1st period - Shot by Zach Parise.
9:26 of 1st period - Shot Hit the Post.
9:47 of 1st period - Off-side.
9:48 of 1st period - Melker Karlsson wins face-off versus Evgeny Kuznetsov in neutral zone.
10:27 of 1st period - Shot by Zach Sanford.
10:27 of 1st period - Goal by Zach Sanford - VANCOUVER : 1 - ANAHEIM : 2.
10:28 of 1st period - Tyler Seguin wins face-off versus Pierre-Luc Dubois in neutral zone.
11:53 of 1st period - Icing by Sami Vatanen.
11:54 of 1st period - Nazem Kadri wins face-off versus Evgeny Kuznetsov in VANCOUVER zone.
12:08 of 1st period - Shot by Andreas Athanasiou.
12:08 of 1st period - Shot Misses the Net.
12:10 of 1st period - Shot by Mike Green.
12:10 of 1st period - Stopped by Petr Mrazek without a rebound.
12:11 of 1st period - Nick Schmaltz wins face-off versus Connor McDavid in VANCOUVER zone.
12:13 of 1st period - Icing by Luca Sbisa.
12:14 of 1st period - Zach Sanford wins face-off versus Nick Schmaltz in VANCOUVER zone.
12:26 of 1st period - Icing by Nick Schmaltz.
12:27 of 1st period - Connor McDavid wins face-off versus Nick Schmaltz in VANCOUVER zone.
12:42 of 1st period - Shot by Connor McDavid.
12:42 of 1st period - Stopped by Petr Mrazek without a rebound.
12:43 of 1st period - Nazem Kadri wins face-off versus Evgeny Kuznetsov in VANCOUVER zone.
13:06 of 1st period - Evgeny Kuznetsov is hit by Hampus Lindholm and loses puck.
13:36 of 1st period - Icing by Andreas Athanasiou.
13:37 of 1st period - Tyler Seguin wins face-off versus Evgeny Kuznetsov in ANAHEIM zone.
13:40 of 1st period - Shot by Jonathan Huberdeau.
13:40 of 1st period - Deflect By Mark Stone.
13:40 of 1st period - Shot Hit the Post.
14:05 of 1st period - Off-side.
14:06 of 1st period - Connor McDavid wins face-off versus Nick Schmaltz in neutral zone.
15:32 of 1st period - Shot by Nikolaj Ehlers.
15:32 of 1st period - Stopped by Cam Talbot with a rebound.
15:49 of 1st period - Shot by Anton Stralman.
15:49 of 1st period - Stopped by Petr Mrazek with a rebound.
15:51 of 1st period - Shot by Evgeny Kuznetsov.
15:51 of 1st period - Deflect By Zach Sanford.
15:51 of 1st period - Shot Misses the Net.
15:53 of 1st period - Shot by Anton Stralman.
15:53 of 1st period - Stopped by Petr Mrazek without a rebound.
15:54 of 1st period - Connor McDavid wins face-off versus Tyler Seguin in VANCOUVER zone.
16:02 of 1st period - Shot by Connor McDavid.
16:02 of 1st period - Stopped by Petr Mrazek without a rebound.
16:03 of 1st period - Evgeny Kuznetsov wins face-off versus Jonathan Huberdeau in VANCOUVER zone.
16:04 of 1st period - Shot by Trevor van Riemsdyk.
16:04 of 1st period - Stopped by Petr Mrazek without a rebound.
16:05 of 1st period - Tyler Seguin wins face-off versus Evgeny Kuznetsov in VANCOUVER zone.
17:14 of 1st period - Jason Zucker is hit by Hampus Lindholm and loses puck.
17:17 of 1st period - Shot by Jason Zucker.
17:17 of 1st period - Stopped by Petr Mrazek without a rebound.
17:18 of 1st period - Nazem Kadri wins face-off versus Pierre-Luc Dubois in VANCOUVER zone.
17:35 of 1st period - Shot by Zach Parise.
17:35 of 1st period - Stopped by Cam Talbot with a rebound.
17:37 of 1st period - Shot by Zach Parise.
17:37 of 1st period - Shot Misses the Net.
17:39 of 1st period - Shot by Zach Parise.
17:39 of 1st period - Stopped by Cam Talbot without a rebound.
17:40 of 1st period - Connor McDavid wins face-off versus Nick Schmaltz in ANAHEIM zone.
18:13 of 1st period - Shot by Connor McDavid.
18:13 of 1st period - Shot Blocked by Sami Vatanen.
18:15 of 1st period - Shot by Connor McDavid.
18:15 of 1st period - Stopped by Petr Mrazek without a rebound.
18:16 of 1st period - Nazem Kadri wins face-off versus Pierre-Luc Dubois in VANCOUVER zone.
18:16 of 1st period - Nazem Kadri is hit by Nate Thompson.
18:19 of 1st period - Icing by Erik Johnson.
18:20 of 1st period - Zach Parise wins face-off versus Pierre-Luc Dubois in VANCOUVER zone.
18:25 of 1st period - Shot by Erik Johnson.
18:25 of 1st period - Goal by Erik Johnson - VANCOUVER : 2 - ANAHEIM : 2.
18:26 of 1st period - Pierre-Luc Dubois wins face-off versus Nazem Kadri in neutral zone.
18:26 of 1st period - Mike Green is hit by Nazem Kadri and loses puck.
18:35 of 1st period - Shot by Nate Thompson.
18:35 of 1st period - Shot Misses the Net.
18:36 of 1st period - Minor Penalty to Erik Johnson for Cross-checking.
18:37 of 1st period - Nazem Kadri wins face-off versus Jason Zucker in VANCOUVER zone.
Goals for this period are 2 for VANCOUVER vs 2 for ANAHEIM.
Shots for this period are 11 for VANCOUVER vs 13 for ANAHEIM.

2nd period


0:01 of 2nd period - Nazem Kadri wins face-off versus Connor McDavid in neutral zone.
1:15 of 2nd period - Tyler Seguin is hit by Jake McCabe and loses puck.
1:29 of 2nd period - Icing by Erik Johnson.
1:30 of 2nd period - Sheldon Dries wins face-off versus Evgeny Kuznetsov in VANCOUVER zone.
2:47 of 2nd period - Shot by Zach Parise.
2:47 of 2nd period - Stopped by Cam Talbot without a rebound.
2:48 of 2nd period - Pierre-Luc Dubois wins face-off versus Tyler Seguin in ANAHEIM zone.
3:01 of 2nd period - Shot by Michael Frolik.
3:01 of 2nd period - Stopped by Petr Mrazek without a rebound.
3:02 of 2nd period - Nate Thompson wins face-off versus Nazem Kadri in VANCOUVER zone.
3:32 of 2nd period - Shot by Connor McDavid.
3:32 of 2nd period - Shot Misses the Net.
3:35 of 2nd period - Icing by Luca Sbisa.
3:36 of 2nd period - Nazem Kadri wins face-off versus Evgeny Kuznetsov in VANCOUVER zone.
3:40 of 2nd period - Icing by Luca Sbisa.
3:41 of 2nd period - Nazem Kadri wins face-off versus Evgeny Kuznetsov in VANCOUVER zone.
3:41 of 2nd period - Nazem Kadri is hit by Zach Sanford.
3:49 of 2nd period - Minor Penalty to Zach Sanford for Hooking.
3:50 of 2nd period - Tyler Seguin wins face-off versus Connor McDavid in ANAHEIM zone.
4:17 of 2nd period - Shot by Ryan Ellis.
4:17 of 2nd period - Goal by Ryan Ellis - VANCOUVER : 3 - ANAHEIM : 2.
4:18 of 2nd period - Pierre-Luc Dubois wins face-off versus Nick Schmaltz in neutral zone.
4:22 of 2nd period - Off-side.
4:23 of 2nd period - Nazem Kadri wins face-off versus Pierre-Luc Dubois in neutral zone.
4:32 of 2nd period - Shot by Nikolaj Ehlers.
4:32 of 2nd period - Stopped by Cam Talbot without a rebound.
4:33 of 2nd period - Tyler Seguin wins face-off versus Jason Zucker in ANAHEIM zone.
4:33 of 2nd period - Tyler Seguin is hit by Jake McCabe.
4:52 of 2nd period - Connor McDavid is hit by Erik Johnson and loses puck.
5:07 of 2nd period - Shot by Connor McDavid.
5:07 of 2nd period - Stopped by Petr Mrazek with a rebound.
5:15 of 2nd period - Jake McCabe is hit by Tyler Seguin and loses puck.
5:45 of 2nd period - Icing by Anton Stralman.
5:46 of 2nd period - Evgeny Kuznetsov wins face-off versus Nick Schmaltz in ANAHEIM zone.
6:23 of 2nd period - Shot by Alex Steen.
6:23 of 2nd period - Stopped by Cam Talbot without a rebound.
6:24 of 2nd period - Nazem Kadri wins face-off versus Pierre-Luc Dubois in ANAHEIM zone.
7:12 of 2nd period - Icing by Casey Nelson.
7:13 of 2nd period - Mark Stone wins face-off versus Pierre-Luc Dubois in ANAHEIM zone.
7:47 of 2nd period - Shot by Ryan Ellis.
7:47 of 2nd period - Shot Misses the Net.
8:07 of 2nd period - Shot by Connor McDavid.
8:07 of 2nd period - Stopped by Petr Mrazek without a rebound.
8:08 of 2nd period - Melker Karlsson wins face-off versus Andreas Athanasiou in VANCOUVER zone.
8:31 of 2nd period - Off-side.
8:32 of 2nd period - Nate Thompson wins face-off versus Nikolaj Ehlers in neutral zone.
9:43 of 2nd period - Shot by Alex Steen.
9:43 of 2nd period - Shot Blocked by Casey Nelson.
9:53 of 2nd period - Shot by Nick Schmaltz.
9:53 of 2nd period - Deflect By Alex Steen.
9:53 of 2nd period - Shot Blocked by Zach Sanford.
9:55 of 2nd period - Shot by Alex Steen.
9:55 of 2nd period - Shot Blocked by Casey Nelson.
11:36 of 2nd period - Shot by Pierre-Luc Dubois.
11:36 of 2nd period - Deflect By Nate Thompson.
11:36 of 2nd period - Stopped by Petr Mrazek without a rebound.
11:37 of 2nd period - Pierre-Luc Dubois wins face-off versus Nazem Kadri in VANCOUVER zone.
12:25 of 2nd period - Icing by Nikolaj Ehlers.
12:26 of 2nd period - Connor McDavid wins face-off versus Nazem Kadri in VANCOUVER zone.
12:49 of 2nd period - Shot by Connor McDavid.
12:49 of 2nd period - Shot Misses the Net.
13:45 of 2nd period - Shot by Melker Karlsson.
13:45 of 2nd period - Shot Misses the Net.
14:05 of 2nd period - Shot by Evgeny Kuznetsov.
14:05 of 2nd period - Stopped by Petr Mrazek without a rebound.
14:06 of 2nd period - Trevor Moore wins face-off versus Pierre-Luc Dubois in VANCOUVER zone.
14:20 of 2nd period - Off-side.
14:21 of 2nd period - Pierre-Luc Dubois wins face-off versus Nazem Kadri in neutral zone.
14:40 of 2nd period - Nikolaj Ehlers is hit by Joel Edmundson and loses puck.
14:58 of 2nd period - Michael Frolik is hit by Nazem Kadri and loses puck.
15:23 of 2nd period - Jonathan Huberdeau is hit by Evgeny Kuznetsov and loses puck.
17:13 of 2nd period - Icing by Connor McDavid.
17:14 of 2nd period - Nazem Kadri wins face-off versus Connor McDavid in ANAHEIM zone.
17:29 of 2nd period - Shot by Patric Hornqvist.
17:29 of 2nd period - Stopped by Petr Mrazek with a rebound.
17:31 of 2nd period - Shot by Connor McDavid.
17:31 of 2nd period - Shot Misses the Net.
17:44 of 2nd period - Icing by Sami Vatanen.
17:45 of 2nd period - Nazem Kadri wins face-off versus Pierre-Luc Dubois in VANCOUVER zone.
17:50 of 2nd period - Shot by Zach Parise.
17:50 of 2nd period - Stopped by Cam Talbot without a rebound.
17:51 of 2nd period - Tyler Seguin wins face-off versus Pierre-Luc Dubois in ANAHEIM zone.
17:59 of 2nd period - Icing by Joel Edmundson.
18:00 of 2nd period - Nate Thompson wins face-off versus Mark Stone in ANAHEIM zone.
18:05 of 2nd period - Shot by Pierre-Luc Dubois.
18:05 of 2nd period - Shot Blocked by Erik Johnson.
18:08 of 2nd period - Icing by Ryan Ellis.
18:09 of 2nd period - Tyler Seguin wins face-off versus Connor McDavid in VANCOUVER zone.
18:09 of 2nd period - Mark Stone is hit by Connor McDavid and loses puck.
18:14 of 2nd period - Shot by Jason Zucker.
18:14 of 2nd period - Shot Misses the Net.
18:16 of 2nd period - Shot by Anton Stralman.
18:16 of 2nd period - Stopped by Petr Mrazek without a rebound.
18:17 of 2nd period - Connor McDavid wins face-off versus Nazem Kadri in VANCOUVER zone.
18:20 of 2nd period - Shot by Connor McDavid.
18:20 of 2nd period - Stopped by Petr Mrazek with a rebound.
18:23 of 2nd period - Icing by Erik Johnson.
18:24 of 2nd period - Nazem Kadri wins face-off versus Patric Hornqvist in VANCOUVER zone.
18:24 of 2nd period - Nazem Kadri is hit by Jason Zucker.
18:30 of 2nd period - Shot by Nazem Kadri.
18:30 of 2nd period - Stopped by Cam Talbot without a rebound.
18:31 of 2nd period - Connor McDavid wins face-off versus Tyler Seguin in ANAHEIM zone.
18:44 of 2nd period - Shot by Connor McDavid.
18:44 of 2nd period - Deflect By Jason Zucker.
18:44 of 2nd period - Stopped by Petr Mrazek without a rebound.
18:45 of 2nd period - Pierre-Luc Dubois wins face-off versus Nazem Kadri in VANCOUVER zone.
18:50 of 2nd period - Shot by Michael Frolik.
18:50 of 2nd period - Shot Misses the Net.
19:01 of 2nd period - Shot by Pierre-Luc Dubois.
19:01 of 2nd period - Shot Misses the Net.
19:03 of 2nd period - Shot by Nate Thompson.
19:03 of 2nd period - Shot Misses the Net.
19:05 of 2nd period - Shot by Trevor van Riemsdyk.
19:05 of 2nd period - Stopped by Petr Mrazek without a rebound.
19:06 of 2nd period - Connor McDavid wins face-off versus Tyler Seguin in VANCOUVER zone.
19:36 of 2nd period - Shot by Jonathan Huberdeau.
19:36 of 2nd period - Shot Blocked by Anton Stralman.
19:42 of 2nd period - Shot by Mark Stone.
19:42 of 2nd period - Stopped by Cam Talbot without a rebound.
19:43 of 2nd period - Nazem Kadri wins face-off versus Evgeny Kuznetsov in ANAHEIM zone.
19:43 of 2nd period - Sami Vatanen is hit by Jake McCabe and loses puck.
19:54 of 2nd period - Shot by Nazem Kadri.
19:54 of 2nd period - Stopped by Cam Talbot without a rebound.
19:55 of 2nd period - Pierre-Luc Dubois wins face-off versus Nick Schmaltz in ANAHEIM zone.
19:59 of 2nd period - Pierre-Luc Dubois is hit by Luca Sbisa and loses puck.
Goals for this period are 1 for VANCOUVER vs 0 for ANAHEIM.
Shots for this period are 8 for VANCOUVER vs 10 for ANAHEIM.

3rd period


0:01 of 3rd period - Nate Thompson wins face-off versus Nazem Kadri in neutral zone.
0:30 of 3rd period - Shot by Nikolaj Ehlers.
0:30 of 3rd period - Stopped by Cam Talbot without a rebound.
0:31 of 3rd period - Tyler Seguin wins face-off versus Evgeny Kuznetsov in ANAHEIM zone.
0:34 of 3rd period - Shot by Jonathan Huberdeau.
0:34 of 3rd period - Stopped by Cam Talbot without a rebound.
0:35 of 3rd period - Tyler Seguin wins face-off versus Evgeny Kuznetsov in ANAHEIM zone.
0:43 of 3rd period - Shot by Jonathan Huberdeau.
0:43 of 3rd period - Shot Misses the Net.
1:07 of 3rd period - Zach Sanford is hit by Hampus Lindholm and loses puck.
1:37 of 3rd period - Icing by Erik Johnson.
1:38 of 3rd period - Nazem Kadri wins face-off versus Connor McDavid in VANCOUVER zone.
1:38 of 3rd period - Nazem Kadri is hit by Connor McDavid.
3:05 of 3rd period - Mark Stone is hit by Pierre-Luc Dubois and loses puck.
3:50 of 3rd period - Icing by Trevor van Riemsdyk.
3:51 of 3rd period - Evgeny Kuznetsov wins face-off versus Nazem Kadri in ANAHEIM zone.
4:04 of 3rd period - Shot by Nikolaj Ehlers.
4:04 of 3rd period - Shot Blocked by Trevor van Riemsdyk.
4:08 of 3rd period - Shot by Zach Parise.
4:08 of 3rd period - Shot Misses the Net.
4:10 of 3rd period - Shot by Nazem Kadri.
4:10 of 3rd period - Shot Blocked by Jake McCabe.
4:12 of 3rd period - Shot by Ryan Ellis.
4:12 of 3rd period - Stopped by Cam Talbot without a rebound.
4:13 of 3rd period - Connor McDavid wins face-off versus Nick Schmaltz in ANAHEIM zone.
4:23 of 3rd period - Luca Sbisa is hit by Joel Edmundson and loses puck.
4:56 of 3rd period - Minor Penalty to Nazem Kadri for Goalie Interference.
4:57 of 3rd period - Evgeny Kuznetsov wins face-off versus Jonathan Huberdeau in VANCOUVER zone.
4:57 of 3rd period - Evgeny Kuznetsov is hit by Erik Johnson.
5:28 of 3rd period - Icing by Trevor van Riemsdyk.
5:29 of 3rd period - Jonathan Huberdeau wins face-off versus Evgeny Kuznetsov in ANAHEIM zone.
5:35 of 3rd period - Icing by Jake McCabe.
5:36 of 3rd period - Andreas Athanasiou wins face-off versus Jonathan Huberdeau in ANAHEIM zone.
6:44 of 3rd period - Shot by Joel Edmundson.
6:44 of 3rd period - Shot Misses the Net.
6:46 of 3rd period - Shot by Anton Stralman.
6:46 of 3rd period - Shot Blocked by Ryan Ellis.
7:10 of 3rd period - Shot by Nate Thompson.
7:10 of 3rd period - Shot Misses the Net.
7:14 of 3rd period - Shot by Mike Green.
7:14 of 3rd period - Shot Misses the Net.
7:16 of 3rd period - Shot by Pierre-Luc Dubois.
7:16 of 3rd period - Shot Misses the Net.
7:18 of 3rd period - Shot by Michael Frolik.
7:18 of 3rd period - Stopped by Petr Mrazek without a rebound.
7:18 of 3rd period - Minor Penalty to Sami Vatanen for High sticking.
7:19 of 3rd period - Connor McDavid wins face-off versus Nazem Kadri in VANCOUVER zone.
7:28 of 3rd period - Shot by Jason Zucker.
7:28 of 3rd period - Shot Misses the Net.
7:30 of 3rd period - Shot by Anton Stralman.
7:30 of 3rd period - Stopped by Petr Mrazek without a rebound.
7:31 of 3rd period - Connor McDavid wins face-off versus Nazem Kadri in VANCOUVER zone.
7:32 of 3rd period - Shot by Joel Edmundson.
7:32 of 3rd period - Shot Misses the Net.
7:34 of 3rd period - Shot by Joel Edmundson.
7:34 of 3rd period - Shot Misses the Net.
7:36 of 3rd period - Shot by Patric Hornqvist.
7:36 of 3rd period - Shot Blocked by TJ Brodie.
7:38 of 3rd period - Shot by Anton Stralman.
7:38 of 3rd period - Shot Misses the Net.
8:16 of 3rd period - Shot by Jake McCabe.
8:16 of 3rd period - Deflect By Andreas Athanasiou.
8:16 of 3rd period - Stopped by Petr Mrazek without a rebound.
8:17 of 3rd period - Evgeny Kuznetsov wins face-off versus Sheldon Dries in VANCOUVER zone.
8:30 of 3rd period - Shot by Jake McCabe.
8:30 of 3rd period - Stopped by Petr Mrazek without a rebound.
8:31 of 3rd period - Evgeny Kuznetsov wins face-off versus Sheldon Dries in VANCOUVER zone.
9:10 of 3rd period - Hampus Lindholm is hit by Evgeny Kuznetsov and loses puck.
9:26 of 3rd period - Mark Stone is hit by Mike Green and loses puck.
9:31 of 3rd period - Shot by Mark Stone.
9:31 of 3rd period - Stopped by Cam Talbot without a rebound.
9:32 of 3rd period - Connor McDavid wins face-off versus Tyler Seguin in ANAHEIM zone.
9:54 of 3rd period - Icing by Hampus Lindholm.
9:55 of 3rd period - Tyler Seguin wins face-off versus Pierre-Luc Dubois in VANCOUVER zone.
10:24 of 3rd period - Icing by Casey Nelson.
10:25 of 3rd period - Nazem Kadri wins face-off versus Pierre-Luc Dubois in ANAHEIM zone.
10:55 of 3rd period - Icing by Erik Johnson.
10:56 of 3rd period - Nazem Kadri wins face-off versus Connor McDavid in VANCOUVER zone.
11:59 of 3rd period - Shot by Jonathan Huberdeau.
11:59 of 3rd period - Stopped by Cam Talbot without a rebound.
12:00 of 3rd period - Pierre-Luc Dubois wins face-off versus Nick Schmaltz in ANAHEIM zone.
12:00 of 3rd period - Pierre-Luc Dubois is hit by Nick Schmaltz.
12:15 of 3rd period - Shot by Michael Frolik.
12:15 of 3rd period - Shot Blocked by Hampus Lindholm.
12:17 of 3rd period - Shot by Nate Thompson.
12:17 of 3rd period - Deflect By Pierre-Luc Dubois.
12:17 of 3rd period - Shot Blocked by Sami Vatanen.
12:18 of 3rd period - Minor Penalty to Hampus Lindholm for Tripping.
12:19 of 3rd period - Nazem Kadri wins face-off versus Evgeny Kuznetsov in VANCOUVER zone.
12:19 of 3rd period - TJ Brodie is hit by Evgeny Kuznetsov and loses puck.
12:40 of 3rd period - Shot by Jake McCabe.
12:40 of 3rd period - Stopped by Petr Mrazek with a rebound.
12:42 of 3rd period - Shot by Jake McCabe.
12:42 of 3rd period - Stopped by Petr Mrazek with a rebound.
13:08 of 3rd period - Sami Vatanen is hit by Patric Hornqvist and loses puck.
13:22 of 3rd period - Connor McDavid is hit by Sami Vatanen and loses puck.
13:30 of 3rd period - Jason Zucker is hit by Sami Vatanen and loses puck.
13:37 of 3rd period - Shot by Connor McDavid.
13:37 of 3rd period - Stopped by Petr Mrazek without a rebound.
13:38 of 3rd period - Evgeny Kuznetsov wins face-off versus Sheldon Dries in VANCOUVER zone.
14:04 of 3rd period - Shot by Anton Stralman.
14:04 of 3rd period - Shot Blocked by Ryan Ellis.
14:06 of 3rd period - Shot by Evgeny Kuznetsov.
14:06 of 3rd period - Stopped by Petr Mrazek without a rebound.
14:07 of 3rd period - Sheldon Dries wins face-off versus Connor McDavid in VANCOUVER zone.
14:36 of 3rd period - Shot by Luca Sbisa.
14:36 of 3rd period - Shot Misses the Net.
15:20 of 3rd period - Trevor van Riemsdyk is hit by Troy Brouwer and loses puck.
15:29 of 3rd period - Shot by Sheldon Dries.
15:29 of 3rd period - Shot Misses the Net.
15:36 of 3rd period - Icing by Jake McCabe.
15:37 of 3rd period - Connor McDavid wins face-off versus Nick Schmaltz in ANAHEIM zone.
15:44 of 3rd period - Shot by Jason Zucker.
15:44 of 3rd period - Shot Misses the Net.
15:52 of 3rd period - Sami Vatanen is hit by Patric Hornqvist and loses puck.
18:02 of 3rd period - Shot by Tyler Seguin.
18:02 of 3rd period - Shot Misses the Net.
18:04 of 3rd period - Shot by Mark Stone.
18:04 of 3rd period - Shot Blocked by Mike Green.
18:10 of 3rd period - Shot by Jonathan Huberdeau.
18:10 of 3rd period - Shot Blocked by Pierre-Luc Dubois.
18:40 of 3rd period - Shot by Melker Karlsson.
18:40 of 3rd period - Shot Misses the Net.
18:42 of 3rd period - Shot by Erik Johnson.
18:42 of 3rd period - Goal by Erik Johnson - VANCOUVER : 4 - ANAHEIM : 2.
18:43 of 3rd period - Evgeny Kuznetsov wins face-off versus Nazem Kadri in neutral zone.
18:46 of 3rd period - Shot by Zach Sanford.
18:46 of 3rd period - Goal by Zach Sanford - VANCOUVER : 4 - ANAHEIM : 3.
18:47 of 3rd period - Nazem Kadri wins face-off versus Connor McDavid in neutral zone.
18:58 of 3rd period - Zach Parise is hit by Patric Hornqvist and loses puck.
19:01 of 3rd period - ANAHEIM, Cam Talbot is pulled from the net.
19:05 of 3rd period - Shot by Connor McDavid.
19:05 of 3rd period - Deflect By Jason Zucker.
19:05 of 3rd period - Stopped by Petr Mrazek with a rebound.
19:07 of 3rd period - Shot by Connor McDavid.
19:07 of 3rd period - Goal by Connor McDavid - VANCOUVER : 4 - ANAHEIM : 4.
19:07 of 3rd period - Cam Talbot from ANAHEIM was sent back in the game.
19:08 of 3rd period - Nick Schmaltz wins face-off versus Evgeny Kuznetsov in neutral zone.
19:11 of 3rd period - Zach Sanford is hit by Alex Steen and loses puck.
19:31 of 3rd period - Icing by Jake McCabe.
19:32 of 3rd period - Nazem Kadri wins face-off versus Evgeny Kuznetsov in ANAHEIM zone.
19:41 of 3rd period - Shot by Zach Parise.
19:41 of 3rd period - Shot Misses the Net.
19:43 of 3rd period - Shot by Nazem Kadri.
19:43 of 3rd period - Shot Hit the Post.
19:46 of 3rd period - Minor Penalty to Trevor van Riemsdyk for Holding Stick.
19:47 of 3rd period - Tyler Seguin wins face-off versus Connor McDavid in ANAHEIM zone.
Goals for this period are 1 for VANCOUVER vs 2 for ANAHEIM.
Shots for this period are 6 for VANCOUVER vs 11 for ANAHEIM.

Overtime #1


0:01 of 1st overtime period - Connor McDavid wins face-off versus Tyler Seguin in neutral zone.
1:06 of 1st overtime period - Shot by Mark Stone.
1:06 of 1st overtime period - Stopped by Cam Talbot without a rebound.
1:07 of 1st overtime period - Connor McDavid wins face-off versus Tyler Seguin in ANAHEIM zone.
1:18 of 1st overtime period - Shot by Tyler Seguin.
1:18 of 1st overtime period - Shot Misses the Net.
1:49 of 1st overtime period - Icing by Chris Wagner.
1:50 of 1st overtime period - Alex Steen wins face-off versus Chris Wagner in ANAHEIM zone.
2:45 of 1st overtime period - Shot by Mike Green.
2:45 of 1st overtime period - Stopped by Petr Mrazek without a rebound.
2:46 of 1st overtime period - Chris Wagner wins face-off versus Troy Brouwer in VANCOUVER zone.
2:53 of 1st overtime period - Icing by Luca Sbisa.
2:54 of 1st overtime period - Troy Brouwer wins face-off versus Chris Wagner in VANCOUVER zone.
3:47 of 1st overtime period - Shot by Alex Steen.
3:47 of 1st overtime period - Deflect By Sheldon Dries.
3:47 of 1st overtime period - Shot Misses the Net.
4:10 of 1st overtime period - Icing by Mike Green.
4:11 of 1st overtime period - Evgeny Kuznetsov wins face-off versus Sheldon Dries in ANAHEIM zone.
4:16 of 1st overtime period - Shot by Michael Frolik.
4:16 of 1st overtime period - Stopped by Petr Mrazek without a rebound.
4:17 of 1st overtime period - Evgeny Kuznetsov wins face-off versus Alex Steen in VANCOUVER zone.
4:33 of 1st overtime period - Shot by Evgeny Kuznetsov.
4:33 of 1st overtime period - Deflect By Michael Frolik.
4:33 of 1st overtime period - Stopped by Petr Mrazek with a rebound.
4:35 of 1st overtime period - Shot by Evgeny Kuznetsov.
4:35 of 1st overtime period - Stopped by Petr Mrazek without a rebound.
4:36 of 1st overtime period - Evgeny Kuznetsov wins face-off versus Sheldon Dries in VANCOUVER zone.
Goals for this period are 0 for VANCOUVER vs 0 for ANAHEIM.
Shots for this period are 1 for VANCOUVER vs 4 for ANAHEIM.

ShootOut


5:00 of 1st overtime period - Round #1.
5:00 of 1st overtime period - VANCOUVER, Mark Stone.
5:00 of 1st overtime period - Stopped by Cam Talbot.
5:00 of 1st overtime period - ANAHEIM, Connor McDavid.
5:00 of 1st overtime period - Goal by Connor McDavid.
5:00 of 1st overtime period - Round #2.
5:00 of 1st overtime period - VANCOUVER, Tyler Seguin.
5:00 of 1st overtime period - Goal by Tyler Seguin.
5:00 of 1st overtime period - ANAHEIM, Evgeny Kuznetsov.
5:00 of 1st overtime period - Shot Misses the Net.
5:00 of 1st overtime period - Round #3.
5:00 of 1st overtime period - VANCOUVER, Jonathan Huberdeau.
5:00 of 1st overtime period - Stopped by Cam Talbot.
5:00 of 1st overtime period - ANAHEIM, Pierre-Luc Dubois.
5:00 of 1st overtime period - Stopped by Petr Mrazek.
5:00 of 1st overtime period - Round #4.
5:00 of 1st overtime period - VANCOUVER, Zach Parise.
5:00 of 1st overtime period - Goal by Zach Parise.
5:00 of 1st overtime period - ANAHEIM, Jason Zucker.
5:00 of 1st overtime period - Stopped by Petr Mrazek.